 Dungeon Sprint DCSS version 0.28.0-53-g5a82cb258f (webtiles) character file.

Game seed: 6253559035444949594

142 Zeld the Chopper (level 5, -12/53 HPs)
             Began as a Minotaur Berserker on June 4, 2022.
             Was a Priest of Trog.
             Mangled by a red devil
             ... wielding a +0 trident
             ... summoned by a kobold demonologist
              (14 damage)
             ... in the Dungeon (Sprint III: "The Ten Rune Challenge").
             The game lasted 00:00:39 (599 turns).

Zeld the Chopper (Minotaur Berserker)                Turns: 599, Time: 00:00:39

Health: -12/53     AC:  4    Str: 23    XL:     5   Next: 4%
Magic:  4/4        EV: 13    Int:  4    God:    Trog [***...]
Gold:   18         SH:  0    Dex: 10    Spells: 4/4 levels left

rFire   . . .      SeeInvis .   a - +0 hand axe
rCold   . . .      Faith    .   (no shield)
rNeg    . . .      Spirit   .   b - +0 animal skin
rPois   .          Reflect  .   (helmet restricted)
rElec   .          Harm     .   (no cloak)
rCorr   .          Rampage  .   (no gloves)
Will    .....      NoTele   +   (no boots)
Stlth   +.........              (no amulet)
HPRegen 0.17/turn               (no ring)
MPRegen 0.09/turn               (no ring)

@: spiked
A: horns 2, retaliatory headbutt, iridescent scales 1, passive freeze
a: Renounce Religion, Berserk, Trog's Hand


You were in the Dungeon.
You worshipped Trog.
Trog was most pleased with you.
You visited 1 branch You collected 18 gold pieces.

Inventory:

Hand Weapons
 a - a +0 hand axe (weapon)
Armour
 b - a +0 animal skin (worn)
Scrolls
 h - a scroll of blinking
 i - a scroll of torment {unknown}
 j - 3 scrolls of identify
 l - 3 scrolls of holy word {unknown}
Potions
 c - a potion of curing
 d - a potion of heal wounds
 e - a potion of haste
 f - 2 potions of magic
 g - a potion of berserk rage
 k - 3 potions of flight
 m - 4 potions of mutation


   Skills:
 * Level 7.9 Fighting
 * Level 7.9 Axes
 + Level 5.3 Armour
 + Level 4.8 Dodging


You had 4 spell levels left.
You didn't know any spells.
Your spell library was empty.

Dungeon Overview and Level Annotations

Branches:
Dungeon (1/1)

Altars:
Kikubaaqudgha
Sif Muna
Vehumet


Innate Abilities, Weirdness & Mutations

You have a pair of horns on your head.
You reflexively headbutt those who attack you in melee.
You are partially covered in iridescent scales. (AC +2)
A frigid envelope surrounds you and freezes all who hurt you.


Message History

Trog accepts your kill.
Trog appreciates your killing of a magic user.
You hit the crimson imp but do no damage.
The red devil hits you from afar with a +0 trident!!
Barbed spikes become lodged in your body.
The crimson imp misses you.
You have reached level 5!
Unknown command.
You barely miss the kobold demonologist.
Your headbutt misses the kobold demonologist.
You miss the crimson imp.
Unknown command.
You hit the kobold demonologist but do no damage.
You hit the crimson imp. The crimson imp hits you.
The crimson imp is frozen!
The crimson imp is very cold.
You kill the crimson imp!
The crimson imp disappears in a puff of smoke!
The red devil hits you from afar with a +0 trident!
Barbed spikes become lodged in your body.
The kobold demonologist casts a spell.
You miss the kobold demonologist.
The red devil hits you from afar with a +0 trident!
* * * LOW HITPOINT WARNING * * *
Barbed spikes become lodged in your body.
The kobold demonologist barely misses you.
Unknown command.
Unknown command.
You closely miss the kobold demonologist.
The red devil closely misses you. The kobold demonologist misses you.
Unknown command.
You hit the kobold demonologist. You headbutt the kobold demonologist.
The kobold demonologist is lightly wounded.
The red devil hits you from afar with a +0 trident!
* * * LOW HITPOINT WARNING * * *
Barbed spikes become lodged in your body.
Unknown command.
Unknown command.
You hit the rust devil but do no damage.
The red devil hits you from afar with a +0 trident!
You die...

#..'...♣.♣ ♣.# * *
#..#....♣♣♣ ♣♣.# _ _
####....♣.♣ ♣..#
...#....≈.♣♣♣♣.###+#+###+
...#...≈≈♣♣♣.♣.#.........
..[#..≈≈≈≈.....'.⌠.......
##'#..≈≈≈≈≈≈♣..#...#####
..)#.≈≈≈≈≈≈....#.⌠.#
...#.≈≈≈≈≈.....#@..#
...#.≈≈≈.......#4###
####...........#K4 _
...............#___ _
▓▓▓▓▓▓▓▓▓▓▓▓▓▓▓▓▓▓▓▓ * ≈
* ≈ , ,, * , ≈≈ ≈ *


You could see a rust devil (summoned), a kobold demonologist and a red devil
(summoned).

Vanquished Creatures
  A water elemental (D)
  Jessica (D)
  A wizard (D)
  A human (D)
  A wolf (D)
  An endoplasm (D)
  2 rats (D)
8 creatures vanquished.

Notes
Turn   | Place    | Note
-------+----------+-------------------------------------------
     0 | D        | Zeld the Minotaur Berserker began the quest for the Orb.
     0 | D        | Reached XP level 1. HP: 19/19 MP: 0/0
    69 | D        | Noticed Jessica
    71 | D        | Reached ** piety under Trog
    75 | D        | Killed Jessica
    76 | D        | Reached skill level 5 in Fighting
    76 | D        | Reached skill level 5 in Axes
    76 | D        | Reached XP level 2. HP: 29/29 MP: 1/1
    76 | D        | Reached XP level 3. HP: 36/36 MP: 2/2
   401 | D        | Gained mutation: You passively map a small area around you.
                  | [potion of mutation]
   401 | D        | Gained mutation: You are clumsy. (Dex -2) [potion of
                  | mutation]
   401 | D        | Lost mutation: You passively map a small area around you.
                  | [potion of mutation]
   464 | D        | Lost mutation: You are clumsy. (Dex -2) [potion of
                  | mutation]
   464 | D        | Gained mutation: A frigid envelope surrounds you and
                  | freezes all who hurt you. [potion of mutation]
   464 | D        | Gained mutation: You are partially covered in iridescent
                  | scales. (AC +2) [potion of mutation]
   516 | D        | Noticed a water elemental
   519 | D        | Killed a water elemental
   519 | D        | Reached *** piety under Trog
   520 | D        | Reached skill level 5 in Armour
   520 | D        | Reached XP level 4. HP: 47/47 MP: 3/3
   588 | D        | Found a radiant altar of Vehumet.
   588 | D        | Found a shimmering blue altar of Sif Muna.
   588 | D        | Found an ancient bone altar of Kikubaaqudgha.
   588 | D        | Noticed a wizard
   592 | D        | Noticed a red devil
   593 | D        | Killed a wizard
   594 | D        | Reached XP level 5. HP: 30/53 MP: 4/4
   596 | D        | Noticed a rust devil
   598 | D        | HP: 2/53 [red devil/+0 trident[a kobold demonologist] (8)]
   599 | D        | Mangled by a red devil

Illustrated notes

Levels and vault maps discovered:
D:        dungeon_sprint_mu [sprint_mu_entry_forest, sprint_mu_temple_rooms,
          sprint_mu_d1_spiders, sprint_mu_d2_genie, sprint_mu_d3_branching,
          sprint_mu_orc_legion, sprint_mu_elf_gauntlet, sprint_mu_hive_nellie,
          sprint_mu_lair_fedhas, sprint_mu_vaults_butterflies,
          sprint_mu_slime_circle, sprint_mu_shoals_kraken,
          sprint_mu_snake_twists, sprint_mu_blade_basic, sprint_mu_crypt_lich,
          sprint_mu_tomb_spiral, sprint_mu_vestibule_basic,
          sprint_mu_gehenna_hellfire, sprint_mu_dis_giant,
          sprint_mu_tartarus_statrot, sprint_mu_cocytus_islands, sprint_mu_zot1]

Skill      XL: |  1  2  3 |
---------------+----------+-----
Fighting       | 5 7 |  7.9
Axes           | 5 7 |  7.9
Armour         | 3 5 |  5.3
Dodging        | 3 4 |  4.8

Action                   |  1- 3 |  4- 6 || total
-------------------------+-------+-------++-------
Melee: Hand axe          |    30 |    11 ||    41
       Headbutt          |     2 |     2 ||     4
Invok: Berserk           |     4 |       ||     4
  Use: Potion            |     2 |       ||     2
Armor: Animal skin       |     2 |       ||     2
Dodge: Dodged            |    14 |     7 ||    21
